 Dungeon Crawl Stone Soup version 0.30-a0-738-g116ff8c4af (webtiles) character file.

Game seed: 5401564964971704767

4447 mopl the Zephyrmancer (level 10, -3/103 HPs)
             Began as a Pale Draconian Air Elementalist on Feb 3, 2023.
             Was a Believer of Vehumet.
             Slain by a wight
             ... wielding a +4 trident
              (8 damage)
             ... on level 7 of the Dungeon.
             The game lasted 00:15:18 (6547 turns).

mopl the Zephyrmancer (DrAE)                        Turns: 6547, Time: 00:15:19

Health: -3/103     AC: 10    Str: 11    XL:     10   Next: 15%
Magic:  29/29      EV: 12    Int: 25    God:    Vehumet [**....]
Gold:   237        SH:  0    Dex: 12    Spells: 11/23 levels left

rFire   . . .      SeeInvis .    l - staff of conjuration
rCold   . . .      Faith    .    (no shield)
rNeg    . . .      Spirit   .    (body armour unavailable)
rPois   .          Reflect  .    (helmet restricted)
rElec   .          Harm     .    d - +0 cloak
rCorr   .          Rampage  .    v - +0 pair of gloves
Will    .....                    x - +0 pair of boots Stlth
                                 g - amulet of regeneration
HPRegen 1.17/turn                j - +6 ring of intelligence
MPRegen 0.21/turn                H - ring of magical power

@: berserking, short of breath, very quick
A: breathe steam, AC +7, unfitting armour, cold-blooded, steam resistance
a: Breathe Steam, Renounce Religion


You were on level 7 of the Dungeon.
You worshipped Vehumet.
Vehumet was pleased with you.
You visited 2 branches of the dungeon, and saw 8 of its levels.

You collected 328 gold pieces.
You spent 91 gold pieces at shops.

Inventory:

Hand Weapons
 b - a +2 short sword of speed
 J - a +0 dagger of venom
Missiles
 q - 5 boomerangs
 s - 7 poisoned darts
 u - 2 throwing nets
Armour
 d - a +0 cloak (worn)
 v - a +0 pair of gloves (worn)
 x - a +0 pair of boots (worn)
Magical Staves
 l - a staff of conjuration (weapon)
 D - a staff of cold
 I - a staff of fire
Jewellery
 c - an amulet of faith {!P}
 g - an amulet of regeneration (around neck)
 j - a +6 ring of intelligence (left hand)
 t - an amulet of reflection
 F - a ring of wizardry
 H - a ring of magical power (right hand)
 L - a ring of fire
Wands
 C - a wand of polymorph (5)
 K - a wand of flame (8)
Scrolls
 e - 3 scrolls of enchant armour {unknown}
 f - 2 scrolls of fear {unknown}
 h - 3 scrolls of noise {unknown}
 k - 5 scrolls of teleportation
 m - 3 scrolls of immolation {unknown}
 n - 4 scrolls of fog {unknown}
 p - 3 scrolls of poison {unknown}
 r - a scroll of magic mapping {unknown}
 w - a scroll of torment {unknown}
 y - a scroll of blinking {unknown}
 E - 3 scrolls of amnesia {unknown}
Potions
 a - 3 potions of magic
 i - 3 potions of curing
 o - a potion of mutation {!q}
 z - a potion of cancellation
 B - 2 potions of brilliance
 G - a potion of heal wounds {unknown}


   Skills:
 - Level 1.7 Dodging
 - Level 1.7 Stealth
 * Level 7.3 Spellcasting
 * Level 7.6 Conjurations
 + Level 4.3 Transmutations
 * Level 9.0 Air Magic
 + Level 5.4 Evocations


You had 11 spell levels left.
You knew the following spells:

 Your Spells              Type           Power      Damage    Failure   Level
a - Shock                 Conj/Air       100%       1d9       1%          1
b - Static Discharge      Conj/Air       100%       2-7/arc   1%          2
f - Airstrike             Air            26%        2d(4-20)  1%          4
i - Irradiate             Conj/Tmut      27%        3d20      16%         5

Your spell library contained the following spells:

 Spells                   Type           Power      Damage    Failure   Level
 Kiss of Death            Conj/Necr      100%       2d13      1%          1
 Swiftness                Air            52%        N/A       1%          3
 Sublimation of Blood     Necr           9%         N/A       10%         2
 Frozen Ramparts          Ice            18%        1d3       21%         3
 Ice Form                 Ice/Tmut       20%        N/A       26%         4
 Petrify                  Tmut/Erth      20%        N/A       26%         4
 Summon Ice Beast         Ice/Summ       9%         N/A       54%         4


Dungeon Overview and Level Annotations

Branches:
Dungeon (7/15)             Temple (1/1) D:5

Altars:
Ashenzari
Cheibriados
Dithmenos
Elyvilon
Fedhas
Hepliaklqana
Nemelex Xobeh
Okawaru
Qazlal
Ru
Trog
Uskayaw
Vehumet
Wu Jian
Xom
Yredelemnul
The Shining One

Shops:
D:2 ?

Annotations:
D:7 1 runed translucent door


Innate Abilities, Weirdness & Mutations

You can breathe blasts of scalding, opaque steam.
Your pale cyan-grey scales are hard. (AC +7)
You cannot fit into any form of body armour.
You are cold-blooded and may be slowed by cold attacks.
You are immune to the effects of steam.


Message History

Aim: a white ugly thing (wandering, hasn't noticed you, 74% to hit)
You exhale a blast of scalding steam.
The ball of steam hits the white ugly thing!
The white ugly thing is lightly wounded.
The white ugly thing gurgles horribly!
The white ugly thing is engulfed in a cloud of scalding steam.
The white ugly thing headbutts you! The white ugly thing freezes you!!
You feel yourself slow down.
* * * LOW HITPOINT WARNING * * *
Really quaff
A - a potion of berserk rage {!q}?
A red film seems to cover your vision as you go berserk!
You feel yourself moving faster!
You feel mighty!
The white ugly thing is engulfed in a cloud of scalding steam.
The white ugly thing completely misses you.
The white ugly thing is engulfed in a cloud of scalding steam.
The white ugly thing completely misses you.
You hit the white ugly thing.
You blast the white ugly thing.
You tail-slap the white ugly thing.
The white ugly thing is heavily wounded.
You feel yourself speed up.
A wight comes into view.
It is wielding a +4 trident and wearing a +2 robe of fire resistance.
The white ugly thing is engulfed in a cloud of scalding steam.
The white ugly thing headbutts you but does no damage.
You hit the white ugly thing but do no damage.
You blast the white ugly thing!
The white ugly thing is severely wounded.
The white ugly thing headbutts you!
* * * LOW HITPOINT WARNING * * *
The white ugly thing freezes you!
You feel yourself slow down.
* * * LOW HITPOINT WARNING * * *
A wight comes into view. It is wielding a +0 short sword.
You barely miss the white ugly thing.
The white ugly thing is severely wounded.
The white ugly thing completely misses you.
You hit the white ugly thing.
The white ugly thing is severely wounded.
You feel yourself speed up.
The white ugly thing closely misses you.
The wight hits you from afar with a +4 trident!
You die...

...+ ...# ####
...# ##..###
...# #@....###
...# F.
#u####..### ...#
# #.z.
#....###...#
#.#.#
#.......##.# #z
.# #....###...##
.# .#
#..###.....## ##
.#
$...###...#...##
.### #
..###...........
...### #
..........##


You could see a white ugly thing and 2 wights.

Vanquished Creatures
  Pikel (D:4)
  A troll (D:6)
  A wyvern (D:7)
  A steam dragon (D:6)
  Edmund (D:4)
  An acid dragon (D:6)
  A water moccasin (D:6)
  3 orc warriors
  3 ice beasts
  2 black bears
  5 ogres
  A centaur (D:6)
  A phantom (D:6)
  3 lemures (D:4)
  A kobold brigand (D:7)
  3 necrophages
  3 bullfrogs
  7 scorpions
  3 howler monkeys (D:6)
  4 hounds (D:6)
  2 orc priests
  A gnoll bouda (D:5)
  3 jellies
  10 iguanas
  3 orc wizards
  5 gnolls (D:5)
  13 adders
  2 shadow imps (D:6)
  A white imp (D:6)
  2 ufetubi
  5 worms
  A dart slug (D:1)
  22 orcs
  5 ball pythons
  6 endoplasms
  4 giant cockroaches
  5 goblins
  7 hobgoblins
  3 jackals (D:1)
  9 kobolds
  5 quokkas
  6 bats
  3 frilled lizards
  8 rats
177 creatures vanquished.

Vanquished Creatures (others)
  An orc warrior (D:6)
1 creature vanquished.

Grand Total: 178 creatures vanquished

Notes
Turn   | Place    | Note
-------+----------+-------------------------------------------
     0 | D:1      | mopl the Draconian Air Elementalist began the quest for the
                  | Orb.
     0 | D:1      | Reached XP level 1. HP: 14/14 MP: 3/3
   146 | D:1      | Reached XP level 2. HP: 20/20 MP: 0/5
   178 | D:1      | Learned a level 2 spell: Static Discharge
   549 | D:1      | Reached XP level 3. HP: 17/26 MP: 6/6
   649 | D:1      | Reached skill level 2 in Conjurations
   921 | D:1      | Found a radiant altar of Vehumet.
  1005 | D:2      | Found Melux's Magic Scroll Shop.
  1013 | D:2      | Bought a scroll of teleportation for 39 gold pieces
  1133 | D:2      | Found a hide-covered altar of Uskayaw.
  1183 | D:2      | Reached XP level 4. HP: 30/33 MP: 5/8
  1407 | D:3      | Reached skill level 3 in Spellcasting
  1436 | D:3      | Found a glowing golden altar of the Shining One.
  1436 | D:3      | Found an iron altar of Okawaru.
  1565 | D:3      | Found a faded altar of an unknown god.
  1579 | D:3      | Reached skill level 4 in Air Magic
  1731 | D:3      | Reached XP level 5. HP: 38/38 MP: 9/9
  1947 | D:2      | Bought a scroll of identify for 26 gold pieces
  1947 | D:2      | Bought a scroll of identify for 26 gold pieces
  1996 | D:4      | Reached skill level 3 in Conjurations
  1996 | D:4      | Reached skill level 1 in Evocations
  2281 | D:4      | Noticed a lemure
  2281 | D:4      | Noticed a lemure
  2302 | D:4      | Killed a lemure
  2305 | D:4      | Killed a lemure
  2417 | D:4      | Reached XP level 6. HP: 38/45 MP: 1/11
  2729 | D:4      | Noticed Edmund
  2846 | D:4      | Learned a level 4 spell: Airstrike
  2852 | D:4      | Learned a level 5 spell: Irradiate
  2867 | D:4      | Noticed Pikel
  2979 | D:4      | Killed Pikel
  2980 | D:4      | Reached skill level 4 in Spellcasting
  2980 | D:4      | Reached skill level 4 in Conjurations
  2980 | D:4      | Reached skill level 1 in Transmutations
  2980 | D:4      | Reached skill level 5 in Air Magic
  2980 | D:4      | Reached skill level 2 in Evocations
  2980 | D:4      | Your scales start taking on a pale cyan-grey colour.
  2980 | D:4      | Reached XP level 7. HP: 50/50 MP: 5/13
  2980 | D:4      | Gained mutation: You are immune to the effects of steam.
                  | [Pale Draconian growth]
  3783 | D:4      | Killed Edmund
  3784 | D:4      | Reached skill level 6 in Air Magic
  3784 | D:4      | Reached skill level 3 in Evocations
  3808 | D:5      | Entered Level 5 of the Dungeon
  3901 | D:5      | Reached skill level 2 in Transmutations
  3901 | D:5      | Reached XP level 8. HP: 45/57 MP: 8/15
  3978 | D:5      | Found a staircase to the Ecumenical Temple.
  3988 | Temple   | Entered the Ecumenical Temple
  4053 | D:5      | Reached skill level 5 in Spellcasting
  4056 | D:5      | Reached skill level 5 in Conjurations
  4513 | D:1      | Became a worshipper of Vehumet
  4677 | D:5      | Reached skill level 7 in Air Magic
  4717 | D:5      | Found a hide-covered altar of Uskayaw.
  5064 | D:5      | Reached skill level 4 in Evocations
  5160 | D:6      | Reached skill level 6 in Conjurations
  5160 | D:6      | Reached skill level 3 in Transmutations
  5336 | D:6      | Reached XP level 9. HP: 55/62 MP: 14/17
  5365 | D:6      | Reached skill level 6 in Spellcasting
  5495 | D:6      | Reached * piety under Vehumet
  5495 | D:6      | Offered knowledge of Freeze by Vehumet.
  5584 | D:6      | Reached skill level 8 in Air Magic
  5764 | D:6      | Found a shimmering altar of Xom.
  5815 | D:6      | Noticed a troll
  5820 | D:6      | Killed a troll
  5821 | D:6      | Reached skill level 7 in Conjurations
  5829 | D:6      | Reached skill level 5 in Evocations
  5859 | D:6      | Reached skill level 4 in Transmutations
  5878 | D:6      | Reached skill level 7 in Spellcasting
  6311 | D:7      | Reached XP level 10. HP: 69/69 MP: 20/20
  6315 | D:7      | Found a runed translucent door.
  6353 | D:7      | Reached ** piety under Vehumet
  6354 | D:7      | Offered knowledge of Kiss of Death by Vehumet.
  6532 | D:7      | Reached skill level 9 in Air Magic
  6541 | D:7      | Noticed a white ugly thing
  6545 | D:7      | HP: 2/103 [white ugly thing (17)]
  6547 | D:7      | Slain by a wight

Illustrated notes

Levels and vault maps discovered:
D:1:      dpeg_arrival_water_altar, layout_basic,
          hangedman_abyss_or_decor_lesser_grid, minmay_octomino_c4
D:2:      wander_river, layout_rooms, basic_altar, serial_shops, shop
D:3:      layout_rooms, gammafunk_temple_overflow_statue,
          hellmonk_ecumenical_altar_defaced_shrine, st_stairs_8
D:4:      layout_basic, minmay_statues_item, uniq_pikel, uniq_edmund
D:5:      layout_loops_corners, mainiacjoe_overflow_surrounded_room,
          temple_pool_b, grunt_decor_resistance
D:6:      cheibrodos_barr_body, layout_gridville, xom_confusion_cloud
D:7:      minmay_the_grid_four_pointed_star
          [minmay_the_grid_triangle_9x9_warning,
          minmay_the_grid_triangle_9x9_stretched_checkered,
          minmay_the_grid_triangle_9x9_subtriangle,
          minmay_the_grid_triangle_9x9_intruding_spiral,
          minmay_the_grid_prize_diamond_cup], layout_gridville,
          mainiacjoe_overflow_catwalk, zin_purify, lemuel_tele_altar,
          due_unseen_surprise
Temple:   hellmonk_temple_two_chambers

Skill      XL: |  1  2  3  4  5  6  7  8  9 10 |
---------------+-------------------------------+-----
Conjurations   | 2 3 4 6 7 |  7.6
Spellcasting   | 3 4 5 7 |  7.3
Air Magic      | 4 5 6 7 8 9 |  9.0
Evocations     | 1 2 3 4 5 |  5.4
Transmutations | 1 2 3 4 |  4.3
Dodging        | |  1.7
Stealth        | |  1.7

Action                     |  1- 3 |  4- 6 |  7- 9 | 10-12 || total
---------------------------+-------+-------+-------+-------++-------
  Melee: Unarmed           |    25 |     2 |       |       ||    27
         Tailslap          |    15 |    13 |    19 |     3 ||    50
         Short sword       |    67 |       |       |       ||    67
         Morningstar       |    21 |       |       |       ||    21
         Staff             |     4 |   105 |    71 |    16 ||   196
         Punch             |       |     3 |       |       ||     3
  Throw: Dart              |       |     1 |       |       ||     1
   Cast: Shock             |     9 |    31 |     3 |       ||    43
         Static Discharge  |     7 |    33 |    62 |     9 ||   111
Ability: Breathe Steam     |       |       |    28 |     5 ||    33
    Use: Scroll            |       |     6 |     1 |       ||     7
         Potion            |       |       |     1 |     1 ||     2
   Stab: Sleeping          |     3 |     2 |     1 |       ||     6
         Distracted        |       |       |     1 |       ||     1
 Armour: Skin              |    47 |    49 |    66 |     5 ||   167
  Dodge: Dodged            |    75 |    99 |    86 |    19 ||   279

Table legend: (Time is in decaauts)
 A = Elapsed time spent in this place.
 B = Non-inter-level travel time spent in this place.
 C = Inter-level travel time spent in this place.
 D = Time resting spent in this place.
 E = Time spent auto-exploring this place.
 F = Levels seen in this place.
 G = Mean time per level.
                   A        B        C        D        E       F      G
               +--------+--------+--------+--------+--------+-----+--------+
         Total |   6580 |   6260 |    320 |    841 |   3919 |   8 |  822.5 |
       Dungeon |   6555 |   6240 |    315 |    841 |   3909 |   7 |  936.4 |
        Temple |     24 |     20 |      4 |      0 |     10 |   1 |   24.0 |
               +--------+--------+--------+--------+--------+-----+--------+

Top non-repeatable levels by time:
     D:4: 1777 daAuts
     D:6: 1223 daAuts
     D:5: 1132 daAuts
     D:1: 1010 daAuts
     D:3: 687 daAuts
     D:2: 481 daAuts
     D:7: 243 daAuts
  Temple: 24 daAuts
